 Dungeon Crawl Stone Soup version 0.28.0-53-g5a82cb258f (webtiles) character file.

Game seed: 6927226840293241600

2215 Sin92 the Skirmisher (level 9, -3/111 HPs)
             Began as a Demonspawn Fighter on June 30, 2022.
             Was a Follower of Dithmenos.
             Shot with a sling bullet by Joseph (5 damage)
             ... on level 7 of the Dungeon.
             The game lasted 00:15:22 (6635 turns).

Sin92 the Skirmisher (Demonspawn Fighter)           Turns: 6635, Time: 00:15:22

Health: -3/111     AC: 24    Str: 23    XL:     9   Next: 13%
Magic:  13/13      EV:  2    Int:  9    God:    Dithmenos [*.....]
Gold:   327        SH:  6    Dex: 17    Spells: 13/13 levels left

rFire   . . .      SeeInvis .   o - +7 dagger "Orb Guardian's Regret" {flame, *Corrode rN+ Str+4 Stlth+}
rCold   . . .      Faith    +   c - +0 buckler
rNeg    + . .      Spirit   .   (armour currently unavailable)
rPois   +          Reflect  .   (helmet currently unavailable)
rElec   .          Harm     .   (cloak currently unavailable)
rCorr   .          Rampage  .   (gloves currently unavailable)
Will    .....      NoTele   +   (boots currently unavailable)
Stlth   +++++.....              j - amulet of faith
HPRegen 0.28/turn               (no ring)
MPRegen 0.13/turn               (no ring)

@: tree-form, wreathed by umbra
A: stationary, stasis, torment immunity, boosted hp, thin skeletal structure 1,
powered by death 1, (demonic touch 2), (fire resistance 1), robust 1
a: Renounce Religion


You were on level 7 of the Dungeon.
You worshipped Dithmenos.
Dithmenos was aware of your devotion.
You were a tree.
You visited 1 branch of the dungeon, and saw 7 of its levels.

You collected 327 gold pieces.

Inventory:

Hand Weapons
 a - a +0 vorpal war axe
 o - the +7 dagger "Orb Guardian's Regret" (weapon) {flame, *Corrode rN+ Str+4 Stlth+}
   (You found it on level 5 of the Dungeon)

   It burns those it strikes, dealing additional fire damage.
   Str:       It affects your strength (+4).
   rN:        It protects you from negative energy.
   *Corrode:  It may corrode you when you take damage.
   Stlth:     It makes you more stealthy.
Armour
 b - a +0 scale mail (melded)
 c - a +0 buckler (worn)
 d - a +2 pair of boots (melded)
 i - a +0 pair of gloves (melded)
 m - a +0 helmet (melded)
Jewellery
 e - an amulet of the acrobat
 j - an amulet of faith (around neck)
Wands
 n - a wand of paralysis (8)
Scrolls
 l - 2 scrolls of identify
 p - a scroll of brand weapon
Potions
 f - a potion of mutation
 h - a potion of curing
 k - 2 potions of flight


   Skills:
 + Level 5.5 Fighting
 * Level 4.2 Short Blades
 - Level 3.4 Axes
 + Level 5.1 Armour
 + Level 2.8 Dodging
 + Level 3.0 Stealth
 + Level 5.1 Shields
 - Level 2.6 Spellcasting
 - Level 4.0 Invocations


You had 13 spell levels left.
You didn't know any spells.
Your spell library contained the following spells:

 Spells                   Type           Power      Damage    Failure   Level
 Foxfire                  Conj/Fire      4%         2x1d4     36%         1
 Freeze                   Ice            4%         1d3       36%         1
 Shock                    Conj/Air       4%         1d3       36%         1
 Summon Small Mammal      Summ           4%         N/A       36%         1
 Call Canine Familiar     Summ           1%         N/A       75%         3
 Conjure Flame            Conj/Fire      1%         6-21      75%         3
 Frozen Ramparts          Ice            2%         1d2       75%         3
 Inner Flame              Hex/Fire       1%         N/A       75%         3
 Summon Guardian Golem    Hex/Summ       1%         N/A       75%         3
 Swiftness                Air            1%         N/A       75%         3
 Airstrike                Air            0%         N/A       98%         4
 Cause Fear               Hex            0%         N/A       98%         4
 Flame Wave               Conj/Fire      1%         2d4       98%         4
 Hailstorm                Conj/Ice       1%         3d3       98%         4
 Discord                  Hex            0%         N/A       100%        8


Dungeon Overview and Level Annotations

Branches:
Dungeon (7/15)             Temple (0/1) D:6

Altars:
Dithmenos
Kikubaaqudgha
Nemelex Xobeh
Ru

Annotations:
D:3 2 runed translucent doors, SanguineChosen's ghost, amateur GrMo
D:7 Joseph


Innate Abilities, Weirdness & Mutations

You are a tree.
Your roots penetrate the ground, keeping you stationary.
You cannot be teleported.
You are immune to unholy pain and torment.
Your maximum health is greatly increased.
Your equipment is partially melded.
You have a somewhat thin skeletal structure. (Dex +2, Stealth+)
You regenerate a little health from kills.
((Your touch may inflict irresistible damage on your foes.))
((Your flesh is heat resistant. (rF+)))
You are robust. (+10% HP)


Message History

a +0 dagger; 7 poisoned darts; a kobold corpse
Found 26 bolts.
You see here 26 bolts.
Found a stone staircase leading up.
Key pressed, stopping explore.
Unknown command.
k - 2 potions of flight (gained 1)
You now have 323 gold pieces (gained 14).
Found a sparkling altar of Nemelex Xobeh.
You now have 327 gold pieces (gained 4).
Joseph, a Mercenary comes into view.
He is wielding a +0 quarterstaff and carrying a wand of polymorph (5).
Joseph unwields a +0 quarterstaff.
Joseph wields a +2 hunting sling of flaming.
It bursts into flame!
Joseph shoots a sling bullet.
The sling bullet hits you! The sling bullet burns you.
Joseph zaps a wand.
You easily resist.
Joseph zaps a wand.
You easily resist.
Joseph shoots a sling bullet.
The sling bullet barely misses you.
Joseph shoots a sling bullet.
The sling bullet hits you!! The sling bullet burns you.
Joseph shoots a sling bullet.
The sling bullet hits you! The sling bullet burns you.
Joseph shoots a sling bullet.
The sling bullet hits you!
* * * LOW HITPOINT WARNING * * *
The sling bullet burns you.
* * * LOW HITPOINT WARNING * * *
Okay, then.
Okay, then.
As you read the scroll of teleportation, it crumbles to dust.
You feel strangely unstable.
Joseph zaps a wand.
You turn into a tree.
Your +0 helmet melds into your body.
Your +0 pair of gloves melds into your body.
Your +2 pair of boots melds into your body.
Your +0 scale mail melds into your body.
Your roots penetrate the ground.
You feel strangely stable.
Okay, then.
You swing at nothing.
Joseph shoots a sling bullet.
The sling bullet hits you!
* * * LOW HITPOINT WARNING * * *
The sling bullet burns you.
You die...

....≈≈≈ ......###.......#..
.##.≈... ≈≈≈≈...##.....##..
....≈.## ### ..≈.........#####
....≈.# ...#####.≈..............
.##.≈.# ≈≈≈....#.≈..#######.#...
....≈.# ...≈≈≈.#.≈...# ##.#...
....≈.#@≈ ##._≈.#.≈..### #....##
....≈.#.≈ #...≈.#.≈..#.####..#.##
.....#.≈. .≈.#♣≈.#...##....#.##
.....#.≈. ≈≈.#.≈.#............#
..>..#.≈.###.. #.≈.#.............
.....#.≈....####.≈.#.............
.....#.≈≈≈≈≈...@.≈.#.............
..#..#.?....≈≈≈≈≈≈.##.....#......
#.#..#######.......#####..##.....
#†..........########....#.##..#.#
#.......#.#. #.........#..##.#


You could see Joseph.

Vanquished Creatures
  Prince Ribbit (D:6)
  2 water moccasins (D:7)
  3 sky beasts (D:7)
  An ice beast (D:5)
  A necrophage (D:7)
  2 centaurs
  2 ogres
  3 phantoms
  A kobold brigand (D:7)
  3 scorpions
  A water moccasin skeleton (D:5)
  2 jellies
  A centaur zombie (D:5)
  A hound (D:5)
  A bullfrog skeleton (D:5)
  3 iguanas
  5 orc wizards
  5 adders
  2 shadow imps
  An ufetubus (D:6)
  A dart slug (D:1)
  14 orcs
  9 endoplasms
  6 giant cockroaches
  3 goblins
  6 hobgoblins
  3 jackals (D:3)
  5 quokkas
  8 ball pythons
  5 bats
  2 frilled lizards (D:1)
  10 kobolds
  3 rats
116 creatures vanquished.

Vanquished Creatures (others)
  A plant (D:2)
1 creature vanquished.

Grand Total: 117 creatures vanquished

Notes
Turn   | Place    | Note
-------+----------+-------------------------------------------
     0 | D:1      | Sin92 the Demonspawn Fighter began the quest for the Orb.
     0 | D:1      | Reached XP level 1. HP: 18/18 MP: 1/1
     4 | D:1      | You fall into a shaft and drop 1 floor!
   198 | D:1      | Found a faded altar of an unknown god.
   205 | D:1      | Gained mutation: You regenerate a little health from kills.
                  | [demonic ancestry]
   205 | D:1      | Reached XP level 2. HP: 22/24 MP: 2/2
   211 | D:1      | Prayed at the altar of an unknown god.
   211 | D:1      | Became a worshipper of Ru the Awakened
   216 | D:1      | Fell from the grace of Ru
   580 | D:1      | Reached XP level 3. HP: 24/29 MP: 4/4
   838 | D:2      | Reached skill level 1 in Spellcasting
  1753 | D:3      | Found a runed translucent door.
  1755 | D:3      | Noticed SanguineChosen's ghost (amateur GrMo)
  1802 | D:3      | Gained mutation: Your touch may inflict minor irresistible
                  | damage on your foes. [demonic ancestry]
  1802 | D:3      | Reached XP level 4. HP: 35/35 MP: 5/5
  1902 | D:3      | Found a shadowy altar of Dithmenos.
  1921 | D:3      | Found a runed translucent door.
  2682 | D:4      | Noticed an ogre
  2917 | D:4      | Killed an ogre
  2918 | D:4      | Reached XP level 5. HP: 35/42 MP: 7/7
  3562 | D:4      | Reached XP level 6. HP: 42/48 MP: 9/9
  3745 | D:5      | Entered Level 5 of the Dungeon
  3746 | D:5      | Noticed an ice beast
  3759 | D:5      | Killed an ice beast
  3943 | D:5      | Found an ancient bone altar of Kikubaaqudgha.
  3997 | D:5      | Identified the +7 dagger "Orb Guardian's Regret" {flame,
                  | *Corrode rN+ Str+4 Stlth+}
  4180 | D:3      | Became a worshipper of Dithmenos the Shadowed
  4362 | D:5      | Gained mutation: You have a somewhat thin skeletal
                  | structure. (Dex +2, Stealth+) [demonic ancestry]
  4362 | D:5      | Reached XP level 7. HP: 41/55 MP: 11/11
  4466 | D:5      | Reached skill level 1 in Invocations
  4477 | D:5      | Gained mutation: Your flesh is heat resistant. (rF+)
                  | [potion of mutation]
  4477 | D:5      | Gained mutation: You are robust. (+10% HP) [potion of
                  | mutation]
  4482 | D:5      | Reached skill level 1 in Short Blades
  5012 | D:5      | Reached skill level 1 in Dodging
  5012 | D:5      | Reached skill level 1 in Stealth
  5138 | D:6      | Noticed Prince Ribbit
  5407 | D:6      | Killed Prince Ribbit
  5408 | D:6      | Reached XP level 8. HP: 32/67 MP: 12/12
  5665 | D:6      | Reached skill level 5 in Fighting
  6108 | D:6      | Found a staircase to the Ecumenical Temple.
  6254 | D:7      | Reached * piety under Dithmenos
  6388 | D:7      | Reached skill level 5 in Armour
  6388 | D:7      | Reached skill level 5 in Shields
  6388 | D:7      | Gained mutation: Your touch may inflict irresistible damage
                  | on your foes. [demonic ancestry]
  6388 | D:7      | Reached XP level 9. HP: 71/74 MP: 13/13
  6601 | D:7      | Found a sparkling altar of Nemelex Xobeh.
  6615 | D:7      | Noticed Joseph
  6635 | D:7      | HP: 2/111 [Joseph/sling bullet (13)]
  6635 | D:7      | Shot with a sling bullet by Joseph

Illustrated notes

Levels and vault maps discovered:
D:1:      ncdulo_lavacross, layout_rooms, ebering_ecumenical_altar_webs,
          st_stairs_13
D:2:      layout_basic, serial_forest, infiniplex_forest_lined_room_2,
          infiniplex_forest_end_2, infiniplex_forest_end_3,
          infiniplex_forest_clump_double, infiniplex_forest_lined_3_way,
          infiniplex_forest_lined_1
D:3:      wad_pebble_path, layout_loops_corners, nicolae_dithmenos_the_darkroom,
          ebering_ghost_sewer_f
D:4:      layout_basic
D:5:      layout_loops_ring, kiku_gazebo_garden_becter, serial_rivers,
          chequers_serial_rivers_small_a, chequers_serial_rivers_room_a,
          chequers_serial_rivers_room_b, chequers_serial_rivers_micro_b
D:6:      layout_cave_pools, minmay_temple_entry_enclosed_plants,
          kennysheep_generic_room_15, uniq_prince_ribbit1
D:7:      layout_cave_pools, nicolae_overflow_squiral, uniq_joseph

Skill      XL: |  1  2  3  4  5  6  7  8  9 |
---------------+----------------------------+-----
Axes           | 2 3 |  3.4
Shields        | 3 4 5 |  5.1
Armour         | 3 4 5 |  5.1
Spellcasting   | 1 2 |  2.6
Fighting       | 4 5 |  5.5
Invocations    | 2 4 |  4.0
Short Blades   | 2 4 |  4.2
Dodging        | 1 2 |  2.8
Stealth        | 1 2 3 |  3.0

Action                   |  1- 3 |  4- 6 |  7- 9 || total
-------------------------+-------+-------+-------++-------
Melee: War axe           |   124 |    75 |       ||   199
       Dagger            |       |     9 |   203 ||   212
Invok: Renounce Religion |     1 |       |       ||     1
  Use: Scroll            |     1 |     3 |     5 ||     9
       Potion            |       |     1 |     6 ||     7
 Stab: Sleeping          |       |       |     2 ||     2
       Distracted        |       |       |     1 ||     1
Armor: Scale mail        |    44 |    24 |   111 ||   179
       Skin              |       |       |     8 ||     8
Dodge: Dodged            |    62 |    42 |    89 ||   193
Block: Buckler           |    35 |    19 |    53 ||   107
